 Dungeon Crawl Stone Soup version 0.17.1-3-g152610e (webtiles) character file.

13492 juanjsm the Unseen (level 11, -4/50 HPs)
             Began as a Spriggan Enchanter on Mar 29, 2016.
             Was an Elder of Ashenzari.
             Slain by a six-headed hydra (16 damage)
             ... on level 4 of the Lair of Beasts.
             The game lasted 01:39:51 (11226 turns).

juanjsm the Unseen (Spriggan Enchanter)            Turns: 11226, Time: 01:40:03

Health: -4/50      AC:  9    Str:  4    XL:     11   Next: 76%
Magic:  16/25      EV: 28    Int: 20    God:    Ashenzari [****..]
Gold:   774        SH:  0    Dex: 19    Spells: 4 memorised, 20 levels left

rFire  + . .     SeeInvis +     u - +4 dagger (venom) (curse)
rCold  x . .     Clarity  +     n - +2 robe {rN+}
rNeg   + . .     SustAt   .     (shield restricted)
rPois  .         Gourm    .     m - +2 hat (curse)
rElec  .         Spirit   .     a - +2 cloak (curse)
rCorr  .         Warding  .     (gloves unavailable)
rMut   .         Stasis   .     (boots unavailable)
MR     ++...                    (no amulet)
Stlth  +++++++++.               h - ring of fire (curse)
                                g - ring of protection from magic (curse)

@: very quick, very resistant to hostile enchantments, incredibly stealthy
A: unfitting armour, thin skeletal structure 1, see invisible, herbivore 3,
speed 3, frail 1, slow metabolism 2
a: Scrying, Renounce Religion


You were on level 4 of the Lair of Beasts.
You worshipped Ashenzari.
Ashenzari was greatly pleased with you.
You were not hungry.

You visited 3 branches of the dungeon, and saw 13 of its levels.

You collected 774 gold pieces.

Inventory:

Hand Weapons
 i - a +1 dagger of freezing
 p - a +2 dagger of protection
 q - the +1 short sword of Sitad {freeze, rF+}
   (You found it on level 5 of the Dungeon)

   It has been specially enchanted to freeze those struck by it, causing extra
   injury to most foes and up to half again as much damage against particularly
   susceptible opponents.
   It can also slow down cold-blooded creatures.
   It protects you from fire.
 r - a +1 dagger of flaming
 u - a cursed +4 dagger of venom (weapon)
Armour
 a - a cursed +2 cloak (worn)
 m - a cursed +2 hat (worn)
 n - a +2 robe of positive energy (worn)
 E - a +0 robe of the Archmagi
Jewellery
 g - a cursed ring of protection from magic (left hand)
 h - a cursed ring of fire (right hand)
 v - an uncursed ring of flight
Wands
 o - a wand of slowing (48)
 x - a wand of polymorph (13)
 y - a wand of frost (33)
 D - a wand of paralysis (19)
 J - a wand of frost (14)
 M - a wand of digging (15)
 N - a wand of invisibility (4)
 O - a wand of frost (30)
Scrolls
 b - 2 scrolls of curse jewellery
 e - 4 scrolls of identify
 j - a scroll of fog
 s - 3 scrolls of enchant armour
 t - 2 scrolls of teleportation
 B - 2 scrolls of recharging
 C - a scroll of amnesia
 F - a scroll of magic mapping
 H - 2 scrolls of remove curse
 K - 2 scrolls of curse weapon
Potions
 f - 5 potions of curing
 k - 5 potions of might
 l - 3 potions of heal wounds
 w - a potion of resistance
 I - a potion of flight
 P - a potion of lignification
Books
 c - a book of Maledictions

   Spells                             Type                      Level
   a - Corona                         Hexes                        1
   b - Ensorcelled Hibernation        Hexes/Ice                    2
   c - Confuse                        Hexes                        3
   d - Tukima's Dance                 Hexes                        3
   e - Dazzling Spray                 Conjuration/Hexes            3
 G - a book of Annihilations

   Spells                             Type                      Level
   a - Poison Arrow                   Conjuration/Poison           6
   b - Chain Lightning                Conjuration/Air              8
   c - Lehudib's Crystal Spear        Conjuration/Earth            8
   d - Glaciate                       Conjuration/Ice              9
   e - Fire Storm                     Conjuration/Fire             9
Miscellaneous
 L - a crystal ball of energy
Comestibles
 d - 8 bread rations
 z - 23 fruits
 A - 2 royal jellies


   Skills:
 * Level 5.3 Fighting
 * Level 6.5(10.0) Short Blades
 * Level 8.8(11.0) Dodging
 * Level 16.0(17.9) Stealth
 * Level 9.9 Spellcasting
 + Level 0.5(1.5) Conjurations
 * Level 9.9(12.0) Hexes
 + Level 2.9(4.9) Ice Magic
 + Level 0.6(1.7) Evocations


You had 20 spell levels left.
You knew the following spells:

 Your Spells              Type           Power        Failure   Level  Hunger
a - Corona                Hex            ######.      1%          1    None
b - Ensorcelled Hibernat  Hex/Ice        ###...       1%          2    None
c - Confuse               Hex            ######..     1%          3    None
d - Dazzling Spray        Conj/Hex       #####...     1%          3    None


Dungeon Overview and Level Annotations

Branches:
Dungeon (8/15)             Temple (1/1) D:5            Lair (4/8) D:8
 Shoals (0/4) Lair:4
  Snake: Lair:3-6    Spider: Lair:3-6

Altars:
Ashenzari
Cheibriados
Dithmenos
Elyvilon
Gozag
Kikubaaqudgha
Makhleb
Nemelex Xobeh
Okawaru
Qazlal
Ru
Sif Muna
Trog
Vehumet
Xom
Yredelemnul
Zin
The Shining One

Shops:
D:8 (


Innate Abilities, Weirdness & Mutations

You are tiny and cannot use many weapons and most armour.
You have supernaturally acute eyesight.
You are a herbivore.
You cover ground extremely quickly.
You need consume almost no food.
You have a somewhat thin skeletal structure (Dex +2, Stealth).
You are frail (-10% HP).


Message History

The six-headed hydra misses you.
The six-headed hydra closely misses you.
You hit the six-headed hydra.
The six-headed hydra is poisoned.
The six-headed hydra is moderately wounded.
You hit the six-headed hydra.
The six-headed hydra is moderately wounded.
The six-headed hydra bites you!! The six-headed hydra bites you!
The six-headed hydra closely misses you.
The six-headed hydra completely misses you. x2
The six-headed hydra misses you.
You hit the six-headed hydra.
The six-headed hydra is heavily wounded.
You barely miss the six-headed hydra.
The six-headed hydra is heavily wounded.
The six-headed hydra is no longer blind.
The six-headed hydra completely misses you. x2
The six-headed hydra barely misses you. The six-headed hydra bites you!
* * * LOW HITPOINT WARNING * * *
The six-headed hydra bites you!
You die...

** * ######## ####### ##
.####.#.##.###.##..###.
* , ,
,.....(.................
, , *
**#.................. ,
* #.@#..##....#...... *
, * #.DF######.###....#.
, ,,, ,*#....*
**#+.##...### , *,,, ,
.....#. , ,#.#...##. * ,
.##.....+, ,,.+...#.. *,
..* ##...,#* *, #...##.
,, *# ....** *....#P. ,
, , , ,...##* *+, * , ,
, , , , ,, , , ,


You could see a six-headed hydra and a spiny frog.

Vanquished Creatures
  2 sirens (Lair:4)
  3 black mambas
  5 komodo dragons
  A spiny frog (Lair:3)
  2 fire drakes
  A merfolk (Lair:4)
  5 blink frogs (Lair:2)
  13 yaks
  3 basilisks
  3 hippogriffs
  3 wolves (Lair:2)
  Edmund (D:6)
  8 water moccasins
  Duvessa (D:6)
  6 porcupines
  A phantom (D:5)
  An orc warrior (D:7)
  4 ogres
  A crocodile (Lair:1)
  2 centaurs (D:8)
  7 giant frogs
  A gnoll sergeant (D:7)
  Dowan (D:6)
  A big kobold (D:8)
  A water moccasin skeleton (D:6)
  An electric eel (D:6)
  10 wights
  4 crimson imps
  A jelly (D:5)
  3 orc priests
  2 hounds
  6 orc wizards
  Crazy Yiuf (D:4)
  6 iguanas
  5 hell rats (Lair:1)
  5 worker ants
  16 sheep
  A hound zombie (D:5)
  A hound skeleton (D:5)
  12 adders
  5 gnolls
  66 river rats
  A shadow imp (D:7)
  2 worms
  2 giant geckos
  32 orcs
  2 ball pythons
  9 bats
  A bat zombie (D:7)
  4 giant cockroaches
  6 goblins
  5 hobgoblins
  6 jackals (D:3)
  6 quokkas
  A giant gecko skeleton (D:7)
  6 giant newts
  12 kobolds
  A quokka skeleton (D:6)
  14 rats
  2 fungi (D:6)
334 creatures vanquished.

Vanquished Creatures (collateral kills)
  A rat (Lair:1)
1 creature vanquished.

Vanquished Creatures (others)
  An ogre (D:6)
  A sky beast (D:6)
  A giant frog (D:6)
  2 hounds (D:6)
  An orc priest (D:6)
  A fungus (Lair:1)
7 creatures vanquished.

Grand Total: 342 creatures vanquished

Notes
Turn   | Place    | Note
--------------------------------------------------------------
     0 | D:1      | juanjsm the Spriggan Enchanter began the quest for the Orb.
     0 | D:1      | Reached XP level 1. HP: 9/9 MP: 5/5
   403 | D:1      | Reached XP level 2. HP: 7/13 MP: 4/7
   407 | D:1      | Learned a level 2 spell: Ensorcelled Hibernation
  1344 | D:2      | Reached XP level 3. HP: 12/16 MP: 1/8
  1349 | D:2      | Learned a level 3 spell: Confuse
  1362 | D:2      | Found a shadowy altar of Dithmenos.
  1419 | D:2      | Found a snail-covered altar of Cheibriados.
  1431 | D:2      | Reached skill level 5 in Stealth
  1563 | D:2      | Reached XP level 4. HP: 21/21 MP: 5/10
  1568 | D:2      | Learned a level 3 spell: Dazzling Spray
  1574 | D:2      | Found a bloodstained altar of Trog.
  1735 | D:2      | Gained mutation: You have a somewhat thin skeletal structure (Dex +2, Stealth). [potion of mutation]
  1735 | D:2      | Gained mutation: You are frail (-10% HP). [potion of mutation]
  2167 | D:3      | Reached skill level 1 in Fighting
  2210 | D:3      | Reached XP level 5. HP: 19/22 MP: 8/11
  2223 | D:3      | Reached skill level 6 in Stealth
  2886 | D:4      | Found a sparkling altar of Nemelex Xobeh.
  2991 | D:4      | Found a sacrificial altar of Ru.
  3025 | D:4      | Reached XP level 6. HP: 27/27 MP: 9/12
  3443 | D:4      | Noticed Crazy Yiuf
  3458 | D:4      | Killed Crazy Yiuf
  3458 | D:4      | Reached skill level 7 in Stealth
  3458 | D:4      | Reached skill level 5 in Hexes
  3536 | D:5      | Entered Level 5 of the Dungeon
  3931 | D:5      | Got a faintly glowing short sword
  3932 | D:5      | Identified the cursed +1 short sword of Sitad {freeze, rF+} (You found it on level 5 of the Dungeon)
  3939 | D:5      | Found a white marble altar of Elyvilon.
  4106 | D:5      | Found a staircase to the Ecumenical Temple.
  4119 | Temple   | Entered the Ecumenical Temple
  4138 | Temple   | Became a worshipper of Ashenzari the Shackled
  4193 | D:5      | Reached XP level 7. HP: 25/30 MP: 7/14
  4202 | D:5      | Noticed a water moccasin
  4205 | D:5      | Killed a water moccasin
  4512 | D:5      | Reached skill level 5 in Spellcasting
  4745 | D:6      | Reached skill level 8 in Stealth
  4789 | D:6      | Noticed Dowan
  4790 | D:6      | Noticed Duvessa
  4824 | D:6      | Reached skill level 5 in Dodging
  5047 | D:6      | Reached XP level 8. HP: 35/35 MP: 17/17
  5074 | D:6      | Noticed Edmund
  5085 | D:6      | Killed Edmund
  5119 | D:6      | Reached skill level 1 in Ice Magic
  5158 | D:6      | Found a radiant altar of Vehumet.
  5158 | D:6      | Found a glowing golden altar of the Shining One.
  5185 | D:6      | Found a shimmering altar of Xom.
  5265 | D:6      | Killed Duvessa
  5281 | D:6      | Killed Dowan
  5461 | D:6      | Reached skill level 9 in Stealth
  6048 | D:7      | Reached * piety under Ashenzari
  6072 | D:7      | Found a white marble altar of Elyvilon.
  6231 | D:7      | Found an ancient bone altar of Kikubaaqudgha.
  6398 | D:7      | Reached skill level 10 in Stealth
  6398 | D:7      | Reached XP level 9. HP: 39/39 MP: 13/20
  6415 | D:7      | Found a stormy altar of Qazlal.
  6768 | D:7      | Found a glowing silver altar of Zin.
  6843 | D:7      | Found an iron altar of Okawaru.
  7283 | D:8      | Found a staircase to the Lair.
  7449 | D:8      | Found Weommyge's Weapon Shop.
  7638 | Lair:1   | Entered Level 1 of the Lair of Beasts
  7710 | Lair:1   | Noticed a black mamba
  7720 | Lair:1   | Killed a black mamba
  7787 | Lair:1   | Reached skill level 11 in Stealth
  8119 | Lair:1   | Noticed a fire drake
  8128 | Lair:1   | Killed a fire drake
  8137 | Lair:1   | Reached ** piety under Ashenzari
  8217 | Lair:1   | Reached XP level 10. HP: 44/44 MP: 18/23
  8336 | Lair:1   | Reached skill level 12 in Stealth
  8522 | Lair:1   | Reached skill level 5 in Short Blades
  9024 | Lair:2   | Noticed a black mamba
  9031 | Lair:2   | Killed a black mamba
  9031 | Lair:2   | Reached skill level 13 in Stealth
  9295 | Lair:2   | Reached skill level 14 in Stealth
  9300 | Lair:2   | Reached XP level 11. HP: 23/48 MP: 0/25
  9520 | Lair:2   | Reached *** piety under Ashenzari
  9635 | Lair:2   | Noticed a black mamba
  9642 | Lair:2   | Killed a black mamba
 10004 | Lair:3   | Reached skill level 5 in Fighting
 10052 | Lair:3   | Reached skill level 15 in Stealth
 10565 | Lair:3   | Reached **** piety under Ashenzari
 11115 | Lair:4   | Found a staircase to the Shoals.
 11142 | Lair:4   | Reached skill level 16 in Stealth
 11218 | Lair:4   | Noticed a six-headed hydra
 11226 | Lair:4   | Slain by a six-headed hydra

Action                   |  1- 3 |  4- 6 |  7- 9 | 10-12 || total
-------------------------+-------+-------+-------+-------++-------
Melee: Dagger            |    70 |   120 |   244 |   251 ||   685
       Short sword       |       |    19 |       |       ||    19
 Cast: Corona            |     7 |     4 |     5 |       ||    16
       Ensorcelled Hiber |    10 |    38 |    59 |    73 ||   180
       Confuse           |     1 |     9 |    29 |    12 ||    51
       Dazzling Spray    |       |     9 |    13 |    25 ||    47
Evoke: Wand              |       |       |       |     5 ||     5
  Use: Potion            |     5 |     3 |     4 |     1 ||    13
       Scroll            |     1 |     6 |    16 |     6 ||    29
 Stab: Sleeping          |    18 |    40 |    51 |    81 ||   190
       Confused          |       |     3 |    14 |     5 ||    22
       Invisible         |       |     1 |     4 |    17 ||    22
  Eat: Fruit             |       |     3 |       |       ||     3
       Royal jelly       |       |     1 |       |       ||     1
       Bread ration      |       |       |     1 |       ||     1
       Pizza             |       |       |       |     3 ||     3
